[ AOE2 MATCH · #505555415 ]
UnrankedSpanish vs Bulgarians
Player's team · WIN
[ REPLAY ANALYSIS · EXTRACTED FROM THE RECORDED GAME ]
Feudal
12:36
Castle
26:59
Imperial
—
| APM avg | 70.3 |
| APM peak | 144 |
| eAPM avg | 24.9 |
| Villagers / military | 101 / 65 |
Focus
⚔️ 22.0% · 🌾 78.0%
Cavalry Archer ×22 · Archer ×17 · Knight ×15 · Scout Cavalry ×8 · Monk ×3
Feudal
12:21
Castle
31:48
Imperial
—
| APM avg | 55.2 |
| APM peak | 90 |
| eAPM avg | 21.3 |
| Villagers / military | 66 / 73 |
Focus
⚔️ 28.8% · 🌾 71.2%
Spearman ×28 · Skirmisher ×14 · Scout Cavalry ×11 · Militia ×6 · Scorpion ×6 · Knight ×3
Match map
Initial resources + every placement click. Lines = walls · curves = elevation contours. ◆ gold · ⬟ stone · ● berries · ✦ relic · ◌ wall gap
Your base· Open — 10t gap
DGHIR | PaginasAmarillas's base· Open — 3t gap
Smoothed initial terrain · ◌ = detected wall gap · hover for details
Inputs per minute
— solidair - - DGHIR | PaginasAmarillas
Build order — solidair
First 150 of 264 actions detected
| 0:43 | Build | Town Center |
| 2:25 | Queue | Villager (Male) |
| 2:26 | Queue | Villager (Male) |
| 2:26 | Queue | Villager (Male) |
| 3:18 | Research | Loom |
| 3:24 | Build | House |
| 3:30 | Queue | Villager (Male) |
| 3:30 | Queue | Villager (Male) |
| 3:50 | Queue | Villager (Male) |
| 4:15 | Queue | Villager (Male) |
| 5:13 | Queue | Villager (Male) |
| 5:43 | Queue | Villager (Male) |
| 5:54 | Build | House |
| 6:19 | Queue | Villager (Male) |
| 6:54 | Queue | Villager (Male) |
| 6:58 | Build | Mill |
| 7:11 | Queue | Villager (Male) |
| 7:34 | Build | House |
| 7:48 | Queue | Villager (Male) |
| 8:02 | Queue | Villager (Male) |
| 8:33 | Queue | Villager (Male) |
| 9:06 | Queue | Villager (Male) |
| 9:30 | Queue | Villager (Male) |
| 9:36 | Build | Barracks |
| 10:01 | Build | House |
| 10:01 | Queue | Villager (Male) |
| 10:23 | Research | Feudal Age |
| 10:23 | Research | Feudal Age |
| 11:27 | Build | Mill |
| 11:36 | Queue | Villager (Male) |
| 12:36 | Age | Feudal Age |
| 12:42 | Build | Archery Range |
| 12:47 | Queue | Villager (Male) |
| 12:56 | Build | House |
| 13:07 | Queue | Villager (Male) |
| 13:25 | Queue | Archer |
| 13:25 | Queue | Archer |
| 13:30 | Build | Blacksmith |
| 13:35 | Queue | Villager (Male) |
| 13:40 | Queue | Archer |
| 14:01 | Queue | Archer |
| 14:18 | Queue | Villager (Male) |
| 14:28 | Queue | Archer |
| 14:32 | Research | Fletching |
| 14:55 | Queue | Villager (Male) |
| 15:01 | Build | Mill |
| 15:11 | Queue | Archer |
| 15:24 | Queue | Archer |
| 15:36 | Build | Farm |
| 15:37 | Build | Farm |
| 15:38 | Build | Farm |
| 15:50 | Queue | Archer |
| 16:02 | Queue | Archer |
| 16:07 | Build | Farm |
| 16:25 | Build | House |
| 16:43 | Queue | Archer |
| 16:56 | Build | House |
| 17:03 | Queue | Villager (Male) |
| 17:19 | Build | Stable |
| 17:22 | Queue | Villager (Male) |
| 17:28 | Queue | Archer |
| 17:38 | Queue | Archer |
| 17:55 | Queue | Archer |
| 17:56 | Queue | Villager (Male) |
| 18:15 | Queue | Villager (Male) |
| 18:24 | Queue | Archer |
| 18:27 | Queue | Archer |
| 18:30 | Queue | Villager (Male) |
| 18:48 | Queue | Villager (Male) |
| 18:55 | Build | Lumber Camp |
| 19:02 | Queue | Archer |
| 19:11 | Queue | Scout Cavalry |
| 19:38 | Queue | Scout Cavalry |
| 19:52 | Build | Mill |
| 20:10 | Build | House |
| 20:29 | Queue | Villager (Male) |
| 20:31 | Queue | Villager (Male) |
| 20:38 | Queue | Villager (Male) |
| 20:45 | Queue | Archer |
| 21:21 | Queue | Villager (Male) |
| 21:35 | Build | House |
| 21:51 | Queue | Villager (Male) |
| 22:05 | Build | Farm |
| 22:26 | Build | Palisade Wall |
| 22:29 | Build | Palisade Wall |
| 22:56 | Queue | Villager (Male) |
| 22:56 | Queue | Villager (Male) |
| 23:13 | Build | Market |
| 23:18 | Queue | Scout Cavalry |
| 23:37 | Build | Farm |
| 23:37 | Build | Farm |
| 23:37 | Build | Farm |
| 23:38 | Build | Farm |
| 23:38 | Build | Farm |
| 23:38 | Build | Farm |
| 23:40 | Build | House |
| 23:45 | Queue | Scout Cavalry |
| 24:07 | Queue | Scout Cavalry |
| 24:19 | Research | Castle Age |
| 25:09 | Queue | Scout Cavalry |
| 25:15 | Build | Stable |
| 25:22 | Queue | Scout Cavalry |
| 25:33 | Build | House |
| 25:40 | Queue | Scout Cavalry |
| 25:49 | Research | Bloodlines |
| 26:59 | Age | Castle Age |
| 27:00 | Build | Town Center |
| 27:02 | Queue | Knight |
| 27:03 | Queue | Knight |
| 27:08 | Queue | Villager (Male) |
| 27:08 | Queue | Villager (Male) |
| 27:09 | Queue | Villager (Male) |
| 27:19 | Research | Double-Bit Axe |
| 27:45 | Queue | Villager (Male) |
| 27:45 | Queue | Villager (Male) |
| 28:10 | Queue | Villager (Male) |
| 28:10 | Queue | Villager (Male) |
| 28:22 | Build | Farm |
| 28:23 | Queue | Villager (Male) |
| 28:49 | Build | Farm |
| 28:49 | Build | Farm |
| 28:49 | Build | Farm |
| 28:50 | Build | Farm |
| 28:50 | Build | Farm |
| 28:50 | Build | Farm |
| 28:50 | Build | Farm |
| 28:50 | Build | Farm |
| 28:52 | Build | House |
| 29:13 | Research | Horse Collar |
| 29:25 | Queue | Knight |
| 29:25 | Queue | Knight |
| 29:30 | Queue | Villager (Male) |
| 29:37 | Build | Monastery |
| 29:45 | Queue | Knight |
| 29:51 | Queue | Villager (Male) |
| 30:09 | Queue | Monk |
| 30:15 | Queue | Knight |
| 30:15 | Queue | Knight |
| 30:30 | Build | Town Center |
| 30:32 | Queue | Villager (Male) |
| 30:32 | Queue | Villager (Male) |
| 30:32 | Queue | Villager (Male) |
| 30:39 | Queue | Villager (Male) |
| 30:39 | Queue | Villager (Male) |
| 30:47 | Build | House |
| 30:47 | Build | House |
| 30:47 | Build | House |
| 30:47 | Build | House |
| 30:48 | Build | House |
| 30:48 | Build | House |
Build order — DGHIR | PaginasAmarillas
First 150 of 222 actions detected
| 0:22 | Build | Town Center |
| 2:33 | Queue | Villager (Male) |
| 2:33 | Queue | Villager (Male) |
| 2:33 | Queue | Villager (Male) |
| 2:34 | Queue | Villager (Male) |
| 3:13 | Build | House |
| 3:18 | Research | Loom |
| 3:36 | Queue | Villager (Male) |
| 3:55 | Queue | Villager (Male) |
| 4:22 | Queue | Villager (Male) |
| 4:47 | Build | House |
| 5:08 | Queue | Villager (Male) |
| 5:22 | Build | Lumber Camp |
| 5:24 | Queue | Villager (Male) |
| 5:30 | Queue | Villager (Male) |
| 5:54 | Queue | Villager (Male) |
| 6:19 | Queue | Villager (Male) |
| 6:39 | Queue | Villager (Male) |
| 7:16 | Queue | Villager (Male) |
| 7:19 | Build | House |
| 7:38 | Queue | Villager (Male) |
| 8:13 | Queue | Villager (Male) |
| 8:17 | Build | Outpost |
| 8:59 | Build | House |
| 9:12 | Queue | Villager (Male) |
| 9:26 | Build | Mining Camp |
| 9:31 | Build | Mining Camp |
| 10:11 | Research | Feudal Age |
| 10:59 | Build | Barracks |
| 11:19 | Queue | Villager (Male) |
| 12:21 | Age | Feudal Age |
| 12:22 | Queue | Militia |
| 12:23 | Queue | Militia |
| 12:30 | Build | Stable |
| 12:33 | Queue | Militia |
| 12:37 | Queue | Villager (Male) |
| 12:59 | Build | Mill |
| 13:13 | Build | House |
| 13:32 | Queue | Militia |
| 13:33 | Queue | Villager (Male) |
| 13:45 | Queue | Scout Cavalry |
| 13:48 | Build | Outpost |
| 13:58 | Build | Farm |
| 13:59 | Build | Farm |
| 13:59 | Build | Farm |
| 14:28 | Queue | Villager (Male) |
| 14:39 | Build | Archery Range |
| 14:45 | Build | House |
| 15:18 | Queue | Scout Cavalry |
| 15:19 | Queue | Villager (Male) |
| 15:31 | Build | Farm |
| 15:53 | Queue | Villager (Male) |
| 16:30 | Queue | Villager (Male) |
| 16:36 | Queue | Skirmisher |
| 16:38 | Queue | Skirmisher |
| 16:42 | Build | House |
| 16:43 | Queue | Scout Cavalry |
| 16:56 | Queue | Villager (Male) |
| 17:02 | Build | Farm |
| 17:11 | Queue | Skirmisher |
| 17:25 | Queue | Villager (Male) |
| 17:40 | Build | Farm |
| 17:54 | Queue | Skirmisher |
| 18:00 | Build | Blacksmith |
| 18:06 | Build | House |
| 18:11 | Queue | Skirmisher |
| 18:17 | Queue | Villager (Male) |
| 18:28 | Queue | Scout Cavalry |
| 18:40 | Queue | Villager (Male) |
| 18:53 | Build | Farm |
| 19:08 | Queue | Scout Cavalry |
| 19:09 | Queue | Skirmisher |
| 19:28 | Queue | Villager (Male) |
| 19:37 | Research | Padded Archer Armor |
| 19:42 | Build | Outpost |
| 19:47 | Queue | Skirmisher |
| 19:50 | Queue | Skirmisher |
| 20:05 | Research | Fletching |
| 20:10 | Queue | Skirmisher |
| 20:32 | Build | Mill |
| 20:33 | Queue | Villager (Male) |
| 20:46 | Queue | Skirmisher |
| 20:49 | Queue | Villager (Male) |
| 21:03 | Queue | Villager (Male) |
| 21:27 | Queue | Scout Cavalry |
| 21:35 | Queue | Skirmisher |
| 21:49 | Queue | Villager (Male) |
| 21:53 | Build | Farm |
| 21:54 | Build | Farm |
| 21:57 | Build | Watch Tower |
| 22:00 | Queue | Villager (Male) |
| 22:22 | Queue | Villager (Male) |
| 23:04 | Queue | Scout Cavalry |
| 23:06 | Queue | Skirmisher |
| 23:11 | Queue | Villager (Male) |
| 23:16 | Queue | Militia |
| 23:17 | Queue | Militia |
| 23:22 | Build | House |
| 23:39 | Queue | Scout Cavalry |
| 23:49 | Build | Farm |
| 23:53 | Build | Farm |
| 23:54 | Build | Farm |
| 24:20 | Queue | Scout Cavalry |
| 24:22 | Research | Scale Barding Armor |
| 24:27 | Queue | Skirmisher |
| 24:31 | Build | House |
| 24:36 | Build | Mill |
| 24:41 | Research | Wheelbarrow |
| 25:06 | Queue | Scout Cavalry |
| 25:23 | Research | Bloodlines |
| 25:30 | Build | Stable |
| 25:33 | Queue | Archer |
| 25:33 | Queue | Archer |
| 25:40 | Queue | Villager (Male) |
| 25:51 | Queue | Skirmisher |
| 26:22 | Queue | Villager (Male) |
| 26:27 | Research | Town Watch |
| 26:30 | Build | House |
| 26:33 | Queue | Villager (Male) |
| 26:49 | Queue | Scout Cavalry |
| 27:03 | Build | House |
| 27:05 | Queue | Villager (Male) |
| 27:46 | Build | Farm |
| 27:50 | Build | Farm |
| 28:21 | Build | Market |
| 28:31 | Build | Stone Wall |
| 29:08 | Research | Castle Age |
| 29:09 | Queue | Villager (Male) |
| 29:11 | Queue | Villager (Male) |
| 29:33 | Queue | Spearman |
| 29:34 | Queue | Spearman |
| 29:34 | Queue | Spearman |
| 29:35 | Queue | Spearman |
| 29:55 | Queue | Spearman |
| 30:03 | Build | Barracks |
| 30:22 | Queue | Villager (Male) |
| 30:36 | Queue | Spearman |
| 30:44 | Build | Stable |
| 30:52 | Build | Mining Camp |
| 31:00 | Build | Mining Camp |
| 31:20 | Queue | Spearman |
| 31:21 | Queue | Spearman |
| 31:45 | Research | Scale Mail Armor |
| 31:48 | Age | Castle Age |
| 31:49 | Research | Pikeman (upgrade) |
| 31:50 | Research | Squires |
| 31:54 | Queue | Spearman |
| 31:55 | Queue | Spearman |
| 31:56 | Queue | Villager (Male) |
| 32:18 | Build | Town Center |
Match timeline
| 9:36 | solidair · first_building Barracks |
| 10:59 | DGHIR | PaginasAmarillas · first_building Barracks |
| 12:21 | DGHIR | PaginasAmarillas · age_up feudal |
| 12:30 | DGHIR | PaginasAmarillas · first_building Stable |
| 12:36 | solidair · age_up feudal |
| 12:42 | solidair · first_building Archery Range |
| 14:39 | DGHIR | PaginasAmarillas · first_building Archery Range |
| 17:19 | solidair · first_building Stable |
| 22:26 | solidair · wall_segment Palisade Wall x3 |
| 22:29 | solidair · wall_segment Palisade Wall x2 |
| 24:09 | solidair · first_market_buy 100 food |
| 26:59 | solidair · age_up castle |
| 28:31 | DGHIR | PaginasAmarillas · wall_segment Stone Wall x1 |
| 29:37 | solidair · first_building Monastery |
| 31:48 | DGHIR | PaginasAmarillas · age_up castle |
| 32:02 | DGHIR | PaginasAmarillas · first_market_buy 100 wood |
| 33:20 | DGHIR | PaginasAmarillas · first_building Monastery |
| 36:51 | DGHIR | PaginasAmarillas · first_building Siege Workshop |
| 38:34 | solidair · first_market_sell 100 wood |
| 41:46 | DGHIR | PaginasAmarillas · resign |
[ AI ANALYSIS · 1 CREDIT ]
What really happened in this match?
Wolo.gg analyzes every decision: build order, eco, micro, common mistakes by bracket. Personalized analysis on WhatsApp or Discord in 30 seconds.
Civ guide
Spanish
Perfil
Jugador #4396973